 Dungeon Crawl Stone Soup version 0.29-a0-197-ge3fb4bd5a4 (webtiles) character file.

Game seed: 4071741936559792510

127 Hasart the Shooter (level 4, -1/37 HPs)
             Began as a Demigod Hunter on Feb 23, 2022.
             Slain by a ball python (2 damage)
             ... on level 3 of the Dungeon.
             The game lasted 00:04:38 (1734 turns).

Hasart the Shooter (Demigod Hunter)                 Turns: 1734, Time: 00:04:40

Health: -1/37      AC: 13    Str: 10 (12) XL:     4   Next: 56%
Magic:  15/15      EV: 10    Int: 15 (16) God:
Gold:   106        SH:  0    Dex: 17 (18) Spells: 3/3 levels left

rFire   . . .      SeeInvis .   a - +1 shortbow
rCold   . . .      Faith    .   (shield currently unavailable)
rNeg    . . .      Spirit   .   i - +4 scale mail of Theory {rCorr MP+9 Str-3 Int+3}
rPois   .          Reflect  .   (helmet restricted)
rElec   .          Harm     .   h - +0 cloak
rCorr   +          Rampage  .   (no gloves)
Will    .....                   (no boots)
Stlth   ..........              (no amulet)
HPRegen 0.12/turn               g - +4 ring of evasion
MPRegen 0.14/turn               (no ring)

@: confused, flying, constricted
A: high MP 1, forlorn, divine attributes, beak, iridescent scales 1, strong 1,
MP-powered wands
a: no special abilities


You were on level 3 of the Dungeon.
You visited 1 branch of the dungeon, and saw 3 of its levels.

You collected 106 gold pieces.

Inventory:

Hand Weapons
 a - a +1 shortbow (weapon)
Armour
 b - a +0 leather armour
 h - a +0 cloak (worn)
 i - the +4 scale mail of Theory (worn) {rCorr MP+9 Str-3 Int+3}
   (You found it on level 2 of the Dungeon)

   Str:       It affects your strength (-3).
   Int:       It affects your intelligence (+3).
   MP:        It affects your magic capacity (+9).
   rCorr:     It protects you from acid and corrosion.
Jewellery
 g - a +4 ring of evasion (left hand)
Wands
 k - a wand of acid (4)
Scrolls
 c - 2 scrolls of teleportation {unknown}
 f - 3 scrolls of identify {unknown}
 l - a scroll of enchant armour {unknown}
 m - 2 scrolls of fog {unknown}
Potions
 e - a potion of flight
 j - a potion of degeneration
 n - a potion of magic {unknown}


   Skills:
 + Level 2.5 Fighting
 * Level 4.4 Bows
 + Level 0.7 Armour
 + Level 2.5 Dodging
 + Level 2.0 Stealth


You had 3 spell levels left.
You didn't know any spells.
Your spell library contained the following spells:

 Spells                   Type           Power      Damage    Failure   Level
 Foxfire                  Conj/Fire      0%         2x1d4     88%         1
 Conjure Flame            Conj/Fire      0%         6-21      99%         3
 Inner Flame              Hex/Fire       0%         N/A       99%         3
 Flame Wave               Conj/Fire      0%         2d4       100%        4
 Fulminant Prism          Conj/Hex       0%         3d6       100%        4
 Iskenderun's Mystic Bla  Conj/Tloc      0%         2d3       100%        4
 Lee's Rapid Deconstruct  Erth           0%         3d5*      100%        5


Dungeon Overview and Level Annotations

Branches:
Dungeon (3/15)

Shops:
D:2 *


Innate Abilities, Weirdness & Mutations

You have an increased reservoir of magic. (+10% MP)
You shall have no god before yourself.
Your divine heritage dramatically boosts your attributes as you level up.
You have a beak for a mouth.
You are partially covered in iridescent scales. (AC +2)
Your muscles are strong. (Str +2)
You expend magic power (3 MP) to strengthen your wands.


Message History

You hear some strange, mumbled words.
You are more confused.
The orc priest misses you. The ball python barely misses you.
The ball python closely misses you.
In your confused state, you trip and fall back down the stairs.
The goblin barely misses you. Something completely misses you.
The ball python bites you but does no damage.
The ball python barely misses you.
The orc priest mumbles some strange prayers to Beogh against you.
Beogh smites you!
* * * LOW HITPOINT WARNING * * *
It was a potion of flight.
You feel very buoyant.
You fly up into the air.
The goblin hits you but does no damage. Something hits you.
* * * LOW HITPOINT WARNING * * *
The ball python barely misses you. The ball python grabs you.
The ball python constricts you.
* * * LOW HITPOINT WARNING * * *
The orc priest hits you with a +0 dagger.
* * * LOW HITPOINT WARNING * * *
Unknown command.
Unknown command.
It was a potion of degeneration.
There was something very wrong with that liquid.
You feel weakened.
You feel dopey.
You feel clumsy. The ball python barely misses you.
The ball python constricts you. The goblin closely misses you.
Something hits you.
* * * LOW HITPOINT WARNING * * *
The orc priest barely misses you.
Unknown command.
Unknown command.
Unknown command.
It was a potion of mutation.
You feel extremely strange.
Iridescent scales grow over part of your body.
Your mouth lengthens and hardens into a beak!
You feel your magical essence link to the dungeon's wands.
You feel stronger. The ball python bites you.
You die...

........#.......#
....S...#.......#
.....{..#.......#
........#.......#
................#
..####.#........#
#.#o.......#
###'#So....###
#...g@.....#
#..........#
#..........####
#....#####....#
#....+......#.#
#....######.#.#
#....# #.#.######
#....######+#......#
######.......#####.#


You could see an orc priest, an orc, a goblin and a ball python.

Vanquished Creatures
  An orc wizard (D:2)
  4 adders (D:2)
  3 worms (D:2)
  A dart slug (D:1)
  2 orcs (D:3)
  3 ball pythons
  4 endoplasms
  5 giant cockroaches
  5 goblins
  A hobgoblin (D:2)
  9 kobolds
  3 quokkas
  4 bats
  2 frilled lizards (D:2)
  4 rats
51 creatures vanquished.

Notes
Turn   | Place    | Note
-------+----------+-------------------------------------------
     0 | D:1      | Hasart the Demigod Hunter began the quest for the Orb.
     0 | D:1      | Reached XP level 1. HP: 17/17 MP: 3/3
    16 | D:1      | Reached skill level 1 in Stealth
   176 | D:1      | Reached XP level 2. HP: 24/24 MP: 4/4
   771 | D:2      | Reached skill level 4 in Bows
   776 | D:2      | Reached XP level 3. HP: 29/29 MP: 5/5
  1059 | D:2      | Identified the +4 scale mail of Theory {rCorr MP+9 Str-3
                  | Int+3}
  1321 | D:2      | Reached XP level 4. HP: 34/37 MP: 6/6
  1434 | D:2      | Found Peoraosk's Assorted Antiques.
  1733 | D:3      | HP: 1/37 [something (1)]
  1734 | D:3      | Gained mutation: You are partially covered in iridescent
                  | scales. (AC +2) [potion of mutation]
  1734 | D:3      | Gained mutation: You have a beak for a mouth. [potion of
                  | mutation]
  1734 | D:3      | Gained mutation: You expend magic power (3 MP) to
                  | strengthen your wands. [potion of mutation]
  1734 | D:3      | Gained mutation: Your muscles are strong. (Str +2) [potion
                  | of mutation]
  1734 | D:3      | Slain by a ball python

Illustrated notes

Levels and vault maps discovered:
D:1:      minmay_arrival_statue_studded, layout_basic,
          ebering_ecumenical_altar_sacrificial, minmay_liquid_box
D:2:      kennysheep_six_static_rooms, layout_basic, serial_shops, shop_statue,
          basic_altar, minmay_fractal_squares_5
D:3:      layout_basic, cheibrodos_ashenzari_chains, uniq_grinder

Skill      XL: |  1  2  3  4 |
---------------+-------------+-----
Stealth        | 1 2 |  2.0
Dodging        | 2 |  2.5
Fighting       | 2 |  2.5
Bows           | 4 |  4.4
Armour         | |  0.7

Action                   |  1- 3 |  4- 6 || total
-------------------------+-------+-------++-------
 Fire: Shortbow          |    94 |    32 ||   126
  Use: Potion            |       |     3 ||     3
Armor: Leather armour    |     8 |       ||     8
       Scale mail        |     3 |    17 ||    20
Dodge: Dodged            |    19 |    31 ||    50

Table legend: (Time is in decaauts)
 A = Elapsed time spent in this place.
 B = Non-inter-level travel time spent in this place.
 C = Inter-level travel time spent in this place.
 D = Time resting spent in this place.
 E = Time spent auto-exploring this place.
 F = Levels seen in this place.
 G = Mean time per level.
                   A        B        C        D        E       F      G
               +--------+--------+--------+--------+--------+-----+--------+
         Total |   1792 |   1743 |     49 |      0 |   1400 |   3 |  597.3 |
       Dungeon |   1792 |   1743 |     49 |      0 |   1400 |   3 |  597.3 |
               +--------+--------+--------+--------+--------+-----+--------+

Top non-repeatable levels by time:
     D:2: 913 daAuts
     D:1: 778 daAuts
     D:3: 100 daAuts
